 Dungeon Crawl Stone Soup version 0.23.2-40-g277498a001 (webtiles) character file.

Game seed: 9089816082982548207

3236 Descartes the Blocker (level 10, 0/76 HPs)
             Began as a Formicid Fighter on Aug 31, 2019.
             Was a Priest of Qazlal.
             Slain by a two-headed ogre
             ... wielding a cursed -2 giant spiked club
              (6 damage)
             ... on level 7 of the Dungeon.
             The game lasted 00:21:31 (8993 turns).

Descartes the Blocker (Formicid Fighter)            Turns: 8993, Time: 00:21:32

Health: 0/76       AC: 11    Str: 22    XL:     10   Next: 18%
Magic:  0/16       EV:  9    Int: 10    God:    Qazlal [***...]
Gold:   370        SH: 15    Dex: 10    Spells: 13/17 levels left

rFire    . . .     SeeInvis +   E - +3 long sword (freeze)
rCold    . . .     Gourm    .   c - +0 shield
rNeg     . . .     Faith    .   p - +0 chain mail
rPois    .         Spirit   +   (helmet unavailable)
rElec    .         Reflect  .   y - scarf {Spirit}
rCorr    .         Harm     .   b - +0 pair of gloves
MR       +....                  (no boots)
Stlth    ..........             (no amulet)
HPRegen  0.22/turn              (no ring)
MPRegen  0.15/turn              (no ring)

@: no status effects
A: permanent stasis, dig shafts and tunnels, four strong arms, antennae 3
a: Dig, Shaft Self, Upheaval, Elemental Force, Renounce Religion


You were on level 7 of the Dungeon.
You worshipped Qazlal.
Qazlal was most pleased with you.
You were near starving.

You visited 2 branches of the dungeon, and saw 9 of its levels.

You collected 370 gold pieces.

Inventory:

Hand Weapons
 a - a +4 falchion
 s - a +3 battleaxe
 t - a +0 flail of protection
 w - a +0 morningstar
 E - a +3 long sword of freezing (weapon)
Missiles
 e - 275 stones (quivered)
 g - 4 tomahawks
 i - 44 poisoned needles
 k - 8 javelins
 q - 5 needles of sleeping
 D - 74 arrows
 F - a throwing net
Armour
 b - a +0 pair of gloves (worn)
 c - a +0 shield (worn)
 p - a +0 chain mail (worn)
 y - a scarf of spirit shield (worn)
Wands
 v - a wand of random effects (18)
Scrolls
 h - 6 scrolls of remove curse
 j - 2 scrolls of enchant weapon
 l - a scroll of blinking {unknown}
 m - a scroll of random uselessness {unknown}
 o - 3 scrolls of fear
 r - a scroll of teleportation {unknown}
 x - a scroll of magic mapping {unknown}
 B - a scroll of fog {unknown}
Potions
 d - a potion of might
 n - 3 potions of invisibility
 u - 3 potions of lignification
 z - 3 potions of flight
 A - 3 potions of curing
 C - a potion of heal wounds {unknown}
Comestibles
 f - 17 rations


   Skills:
 + Level 6.0 Fighting
 + Level 5.0 Long Blades
 + Level 6.0 Armour
 + Level 4.1 Dodging
 - Level 2.0 Stealth
 * Level 8.9 Shields
 + Level 4.3 Spellcasting
 - Level 0.3 Conjurations
 + Level 4.6 Earth Magic
 + Level 3.7 Invocations


You had 13 spell levels left.
You knew the following spells:

 Your Spells              Type           Power        Failure   Level  Hunger
a - Shock                 Conj/Air       #...         86%         1    #......
b - Sandblast             Erth           ##....       26%         1    #......
c - Passwall              Tmut/Erth      #.......     71%         2    ##.....

Your spell library contained the following spells:

 Spells                   Type           Power        Failure   Level  Hunger
 Stone Arrow              Conj/Erth      #.....       89%         3    ###....
 Swiftness                Chrm/Air       #.......     95%         2    ##.....
 Static Discharge         Conj/Air       #.......     99%         3    ###....
 Airstrike                Air            #.........   100%        4    #####..
 Petrify                  Tmut/Erth      #.......     100%        4    #####..
 Lee's Rapid Deconstruct  Erth           ##........   100%        5    ######.
 Lightning Bolt           Conj/Air       #.........   100%        5    ######.


Dungeon Overview and Level Annotations

Branches:
Dungeon (8/15)             Temple (1/1) D:4
   Lair: D:8-11

Altars:
Cheibriados
Dithmenos
Elyvilon
Fedhas
Gozag
Hepliaklqana
Kikubaaqudgha
Makhleb
Nemelex Xobeh
Okawaru
Qazlal
Ru
Sif Muna
Uskayaw
Vehumet
Wu Jian
Xom
Yredelemnul
Zin
The Shining One

Shops:
D:6 }


Innate Abilities, Weirdness & Mutations

You cannot be hasted, slowed, berserked, paralysed or teleported.
You can dig through walls and to a lower floor.
Your four strong arms can wield two-handed weapons with a shield.
You have a pair of large antennae on your head. (SInv)


Message History

The two-headed ogre hits you with a cursed -2 giant spiked club!!
* * * LOW HITPOINT WARNING * * *
The two-headed ogre barely misses you.
You slash the two-headed ogre! You freeze the two-headed ogre.
The two-headed ogre is heavily wounded.
You see here a scale mail.
Things that are here:
a -2 ring of evasion; 2 scrolls of noise
Things that are here:
a -2 ring of evasion; 2 scrolls of noise You barely miss the two-headed ogre.
The two-headed ogre is moderately wounded.
The two-headed ogre hits you with a cursed -2 giant spiked club!!
* * * LOW HITPOINT WARNING * * *
The two-headed ogre closely misses you.
You slash the two-headed ogre! You freeze the two-headed ogre.
The two-headed ogre is heavily wounded.
The two-headed ogre barely misses you.
The two-headed ogre hits you with a +0 giant club!
You die...

########### ##......O@.#
#...######☼### ###
#..=#..O.....# #..
####...#.####.#.# ########.#
#...[.....#.....# #........#
#.........#.....####.........
#............................
###....##.#......###.........
#....##.#.......##.........


You could see a two-headed ogre.

Vanquished Creatures
  A hippogriff (D:7)
  A wraith (D:7)
  Edmund (D:6)
  Duvessa (D:5)
  A black bear (D:6)
  A necrophage (D:7)
  3 ogres
  3 phantoms
  2 centaurs
  An elf zombie (D:7)
  4 bullfrogs
  Dowan (D:5)
  3 scorpions
  A troll zombie (D:7)
  5 wights
  4 crimson imps
  2 howler monkeys
  2 jellies (D:5)
  3 human zombies (D:7)
  6 hounds
  4 orc wizards
  A human skeleton (D:7)
  An iguana (D:5)
  3 worker ants (D:7)
  2 hound skeletons
  A mummy (D:7)
  A howler monkey zombie (D:6)
  A howler monkey skeleton (D:4)
  9 gnolls
  3 adders
  4 shadow imps
  An adder zombie (D:5)
  A dart slug (D:2)
  4 leopard geckos
  10 orcs
  6 giant cockroaches
  5 goblins
  11 hobgoblins
  6 jackals (D:4)
  6 quokkas
  A ball python (D:5)
  9 bats
  9 frilled lizards
  A giant cockroach zombie (D:4)
  3 kobolds (D:1)
  A leopard gecko skeleton (D:8)
  An orc zombie (D:7)
  A quokka zombie (D:6)
  7 rats
159 creatures vanquished.

Notes
Turn   | Place    | Note
-------+----------+-------------------------------------------
     0 | D:1      | Descartes the Formicid Fighter began the quest for the Orb.
     0 | D:1      | Reached XP level 1. HP: 18/18 MP: 1/1
   149 | D:1      | Reached XP level 2. HP: 24/24 MP: 2/2
   260 | D:1      | Reached skill level 4 in Shields
   290 | D:1      | Reached XP level 3. HP: 29/29 MP: 3/3
   459 | D:1      | Reached skill level 1 in Stealth
  1543 | D:2      | Found a blossoming altar of Fedhas.
  1646 | D:2      | Reached XP level 4. HP: 35/35 MP: 5/5
  1662 | D:2      | Reached skill level 1 in Spellcasting
  1678 | D:2      | Reached skill level 1 in Dodging
  2284 | D:3      | Reached XP level 5. HP: 34/41 MP: 6/6
  2329 | D:3      | Found a snail-covered altar of Cheibriados.
  2819 | D:3      | Reached skill level 5 in Shields
  3127 | D:3      | Found a faded altar of an unknown god.
  3133 | D:3      | Became a worshipper of Qazlal Stormbringer
  3133 | D:3      | Reached * piety under Qazlal
  3310 | D:3      | Reached XP level 6. HP: 48/48 MP: 8/8
  3413 | D:4      | Learned a level 1 spell: Shock
  3462 | D:4      | Found a stormy altar of Qazlal.
  3789 | D:4      | Found a staircase to the Ecumenical Temple.
  3798 | D:4      | Learned a level 1 spell: Sandblast
  3801 | D:4      | Learned a level 2 spell: Passwall
  3847 | D:4      | Noticed an ogre
  3889 | Temple   | Entered the Ecumenical Temple
  4213 | D:4      | HP: 2/48 [ogre/+0 giant spiked club (16)]
  4545 | D:4      | Killed an ogre
  4545 | D:4      | Reached XP level 7. HP: 26/54 MP: 8/10
  5048 | D:4      | Found a shimmering altar of Xom.
  5049 | D:4      | Found an opulent altar of Gozag.
  5096 | D:5      | Entered Level 5 of the Dungeon
  5113 | D:5      | Reached skill level 1 in Earth Magic
  5269 | D:5      | Found a burning altar of Makhleb.
  5269 | D:5      | Found a glowing silver altar of Zin.
  5270 | D:5      | Noticed an angel
  5270 | D:5      | Noticed a blizzard demon
  5347 | D:5      | Noticed Dowan
  5348 | D:5      | Noticed Duvessa
  5370 | D:5      | Killed Duvessa
  5370 | D:5      | Reached skill level 6 in Shields
  5454 | D:5      | Killed Dowan
  5543 | D:5      | Reached XP level 8. HP: 59/61 MP: 11/11
  5585 | D:5      | Reached ** piety under Qazlal
  6639 | D:5      | Reached skill level 5 in Armour
  6639 | D:5      | Reached skill level 7 in Shields
  6960 | D:6      | Noticed Edmund
  6990 | D:6      | Killed Edmund
  6990 | D:6      | Reached skill level 5 in Fighting
  6990 | D:6      | Reached skill level 1 in Invocations
  7009 | D:6      | Found Nupan's Gadget Shop.
  7040 | D:6      | Reached XP level 9. HP: 68/68 MP: 13/13
  7496 | D:6      | Found an iron altar of Okawaru.
  7606 | D:6      | Reached skill level 8 in Shields
  8002 | D:7      | Noticed a hippogriff
  8007 | D:7      | Killed a hippogriff
  8784 | D:7      | Found an ancient bone altar of Kikubaaqudgha.
  8795 | D:7      | Reached XP level 10. HP: 76/76 MP: 16/16
  8841 | D:7      | Reached *** piety under Qazlal
  8871 | D:7      | Reached skill level 5 in Long Blades
  8919 | D:8      | Noticed a two-headed ogre
  8993 | D:7      | Slain by a two-headed ogre

Skill      XL: |  1  2  3  4  5  6  7  8  9 10 |
---------------+-------------------------------+-----
Shields        | 4 5 6 7 8 |  8.9
Stealth        | 1 2 |  2.0
Spellcasting   | 1 2 3 4 |  4.3
Dodging        | 1 2 3 4 |  4.1
Armour         | 4 5 6 |  6.0
Fighting       | 4 5 6 |  6.0
Long Blades    | 3 4 5 |  5.0
Earth Magic    | 2 3 4 |  4.6
Invocations    | 1 3 |  3.7
Conjurations   | |  0.3

Action                   |  1- 3 |  4- 6 |  7- 9 | 10-12 || total
-------------------------+-------+-------+-------+-------++-------
Melee: Long sword        |    99 |   269 |   467 |    90 ||   925
 Abil: Dig               |       |     3 |     1 |       ||     4
  Use: Scroll            |       |       |    10 |       ||    10
  Eat: Chunk             |     1 |    11 |    14 |       ||    26
Armor: Scale mail        |    47 |    12 |       |       ||    59
       Chain mail        |       |   104 |   185 |    17 ||   306
Dodge: Dodged            |    51 |    86 |   118 |    19 ||   274
Block: Shield            |    64 |   172 |   345 |    41 ||   622
       Rpst.: Long sword |    20 |    25 |    36 |     5 ||    86
